 Dungeon Crawl Stone Soup version 0.27.1-33-g824d729ab1 (webtiles) character file.

Game seed: 16589135808588350777

1025 jlumianski the Ducker (level 8, -3/67 HPs)
             Began as a Gnoll Monk on Dec 19, 2021.
             Slain by a steam dragon (7 damage)
             ... on level 5 of the Dungeon.
             The game lasted 00:32:06 (6490 turns).

jlumianski the Ducker (Gnoll Monk)                  Turns: 6490, Time: 00:32:07

Health: -3/67      AC:  9    Str: 12    XL:     8   Next: 23%
Magic:  7/12       EV: 14    Int: 11    God:
Gold:   119        SH:  0    Dex: 14    Spells: 8/13 levels left

rFire    . . .     SeeInvis +   L - +4 rapier
rCold    . . .     Faith    .   (no shield)
rNeg     . . .     Spirit   .   x - +0 troll leather armour {Purgy}
rPois    .         Reflect  .   o - +2 hat
rElec    .         Harm     .   (no cloak)
rCorr    .         Rampage  .   E - +1 pair of gloves
Will     .....                  i - +0 pair of boots
Stlth    +++.......             (no amulet)
HPRegen  1.21/turn              G - ring of see invisible
MPRegen  0.13/turn              (no ring)

@: very slightly contaminated
A: fangs 1, strong nose, distributed training
a: no special abilities


You were on level 5 of the Dungeon.
You visited 1 branch of the dungeon, and saw 6 of its levels.
You also visited: Sewer.

You collected 281 gold pieces.
You spent 162 gold pieces at shops.

Inventory:

Hand Weapons
 a - a +0 hand axe
 c - a +0 hunting sling
 d - a +0 dagger
 k - a +0 short sword
 n - a +2 dagger of draining
 v - a +0 shortbow
 w - a +0 great sword
 D - a +0 flail
 H - the +10 great sword of Cowardice {venom, *Noise Str+8 Int+2 Dex-3}
   (You found it on level 5 of the Dungeon)

   It poisons the flesh of those it strikes.
   Str:       It affects your strength (+8).
   Int:       It affects your intelligence (+2).
   Dex:       It affects your dexterity (-3).
   *Noise:    It may make noises in combat.
 L - a +4 rapier (weapon)
 M - a +2 antimagic flail
Missiles
 e - 14 sling bullets
 h - 97 arrows
 j - 154 stones (quivered)
 q - 30 bolts
Armour
 b - a +0 robe
 f - a +0 ring mail
 g - a +0 scale mail
 i - a +0 pair of boots (worn)
 o - a +2 hat (worn)
 x - a +0 troll leather armour (worn) {Purgy}
 E - a +1 pair of gloves (worn)
 K - a +0 helmet
Jewellery
 G - a ring of see invisible (left hand)
Wands
 m - a wand of paralysis (10)
Scrolls
 p - 3 scrolls of enchant weapon
 r - 2 scrolls of amnesia
 u - 2 scrolls of immolation
 y - a scroll of teleportation
 F - a scroll of blinking
 J - a scroll of identify
Potions
 l - a potion of brilliance
 s - a potion of degeneration
 t - 2 potions of mutation
 z - a potion of cancellation {unknown}
 A - a potion of invisibility {unknown}
 B - 2 potions of heal wounds
 C - a potion of attraction {unknown}
 I - a potion of haste {unknown}


   Skills:
 + Level 7.3 Fighting
 + Level 3.1 Short Blades
 + Level 3.1 Long Blades
 + Level 7.3 Axes
 + Level 3.1 Maces & Flails
 + Level 3.1 Polearms
 + Level 3.1 Staves
 + Level 3.1 Slings
 + Level 3.1 Bows
 + Level 3.1 Crossbows
 + Level 3.1 Throwing
 + Level 3.1 Armour
 + Level 7.3 Dodging
 + Level 5.2 Stealth
 + Level 3.1 Shields
 + Level 3.1 Unarmed Combat
 + Level 3.1 Spellcasting
 + Level 2.5 Conjurations
 + Level 2.5 Hexes
 + Level 2.5 Summonings
 + Level 2.5 Necromancy
 + Level 2.5 Translocations
 + Level 2.5 Transmutations
 + Level 2.5 Fire Magic
 + Level 2.5 Ice Magic
 + Level 2.5 Air Magic
 + Level 2.5 Earth Magic
 + Level 2.5 Poison Magic
 + Level 3.4 Invocations
 + Level 3.1 Evocations


You had 8 spell levels left.
You knew the following spells:

 Your Spells              Type           Power      Damage    Failure   Level
a - Call Imp              Summ           7%         N/A       19%         2
b - Corona                Hex            7%         N/A       12%         1
c - Ensorcelled Hibernat  Hex/Ice        14%        N/A       19%         2

Your spell library contained the following spells:

 Spells                   Type           Power      Damage    Failure   Level
 Animate Skeleton         Necr           14%        N/A       12%         1
 Apportation              Tloc           14%        N/A       12%         1
 Magic Dart               Conj           28%        1d4       12%         1
 Summon Small Mammal      Summ           28%        N/A       12%         1
 Mephitic Cloud           Conj/Pois/Air  7%         N/A       34%         3
 Spider Form              Tmut/Pois      3%         N/A       34%         3
 Tukima's Dance           Hex            7%         N/A       34%         3
 Passage of Golubria      Tloc           N/A        N/A       75%         4
 Yara's Violent Unravell  Hex/Tmut       3%         3d4       97%         5
 Shadow Creatures         Summ           N/A        N/A       100%        6


Dungeon Overview and Level Annotations

Branches:
Dungeon (6/15)              Sewer (visited)
 Temple: D:4-7

Altars:
Gozag
Uskayaw
Xom

Shops:
D:4 ?


Innate Abilities, Weirdness & Mutations

You have very sharp teeth.
Your uncanny sense of smell can sniff out nearby items.
Your experience applies equally to all skills.


Message History

The bullfrog zombie is destroyed!
You are engulfed in a cloud of scalding steam.
The steam dragon bites you. The steam dragon claws you.
You climb upwards.
There is a stone staircase leading down here.
Casting: Ensorcelled Hibernation (safe; 19% risk of failure)
Confirm with . or Enter, or press ? or * to list all spells.
Aiming: Ensorcelled Hibernation (safe; 19% risk of failure)
Press: ? - help, Shift-Dir - straight line, f - steam dragon
Aim: a steam dragon (chance to affect: 38%)
You miscast Ensorcelled Hibernation.
You are very lightly contaminated with residual magic.
Nothing appears to happen.
The steam dragon breathes steam at you. The ball of steam hits you!
You barely miss the steam dragon. Your bite misses the steam dragon.
The steam dragon bites you but does no damage.
The steam dragon claws you.
You hit the steam dragon.
The steam dragon is lightly wounded.
The steam dragon bites you. The steam dragon closely misses you.
Casting: Ensorcelled Hibernation (safe; 19% risk of failure)
Confirm with . or Enter, or press ? or * to list all spells.
A beastly little devil appears in a puff of frigid air.
You are engulfed in a cloud of scalding steam.
The steam dragon completely misses you. The steam dragon closely misses you.
Casting: Call Imp (safe; 19% risk of failure)
Confirm with . or Enter, or press ? or * to list all spells.
A beastly little devil appears in a puff of flame.
The steam dragon breathes steam at you. The ball of steam hits you!!
* * * LOW HITPOINT WARNING * * *
The steam dragon breathes steam at you. The ball of steam hits you!
* * * LOW HITPOINT WARNING * * *
Your white imp hits the steam dragon.
Your white imp freezes the steam dragon.
Your crimson imp hits the steam dragon but does no damage.
The steam dragon bites you!
You die...

#................#'#.#..
#.############.......#..
#.#......).#.........#..
#.#......#.#.#...)...###
#.#..###.#)#.#....<..# #
#.#..#..§§.#.#.###'#.# #
#.#...§§)§.#.#.###.#.###
#.#.##.§§.............).
#.#....@D5...#.#####.###
#######.######5###.#.......###
#............................#
#.......######'#..............
#.......# #......#.###.......#
#.......# #......#.# #.......#
#.......# #......#.###.......#
#.......######................
#.......##...................#


You could see a steam dragon (catching breath, ally target), a friendly crimson
imp (summoned) and a friendly white imp (summoned).

Vanquished Creatures
  2 water moccasins
  Purgy (Sewer)
  An ogre (D:4)
  A centaur (D:5)
  A scorpion (D:5)
  A water moccasin skeleton (D:6)
  A wight (D:4)
  A jelly (D:5)
  Jessica (D:2)
  2 iguanas (D:4)
  Natasha (thrice) (D:2)
  An orc wizard (D:5)
  3 gnolls
  8 adders
  A white imp (D:5)
  An ufetubus (D:5)
  4 dart slugs
  7 orcs
  6 ball pythons
  9 endoplasms
  5 giant cockroaches
  7 goblins
  4 hobgoblins
  6 jackals
  5 quokkas
  8 bats
  5 frilled lizards
  7 kobolds
  7 rats
109 creatures vanquished.

Vanquished Creatures (collateral kills)
  A scorpion (D:4)
  An adder (D:3)
  A gnoll (D:5)
  A quokka (D:4)
  A kobold (D:4)
5 creatures vanquished.

Vanquished Creatures (others)
  A bullfrog zombie (D:6)
1 creature vanquished.

Grand Total: 115 creatures vanquished

Notes
Turn   | Place    | Note
-------+----------+-------------------------------------------
     0 | D:1      | jlumianski the Gnoll Monk began the quest for the Orb.
     0 | D:1      | Reached XP level 1. HP: 23/23 MP: 1/1
   311 | D:1      | Reached XP level 2. HP: 29/29 MP: 2/2
   691 | D:1      | Reached XP level 3. HP: 35/35 MP: 3/3
  1389 | D:2      | Noticed Jessica
  1419 | D:2      | Found an opulent altar of Gozag.
  1559 | D:2      | Reached skill level 1 in Invocations
  1692 | D:2      | Reached skill level 1 in Short Blades
  1692 | D:2      | Reached skill level 1 in Long Blades
  1692 | D:2      | Reached skill level 1 in Maces & Flails
  1692 | D:2      | Reached skill level 1 in Polearms
  1692 | D:2      | Reached skill level 1 in Staves
  1692 | D:2      | Reached skill level 1 in Slings
  1692 | D:2      | Reached skill level 1 in Bows
  1692 | D:2      | Reached skill level 1 in Crossbows
  1692 | D:2      | Reached skill level 1 in Throwing
  1692 | D:2      | Reached skill level 1 in Armour
  1692 | D:2      | Reached skill level 1 in Shields
  1692 | D:2      | Reached skill level 1 in Unarmed Combat
  1692 | D:2      | Reached skill level 1 in Spellcasting
  1692 | D:2      | Reached skill level 1 in Evocations
  1697 | D:2      | Noticed Natasha
  1711 | D:2      | Killed Natasha
  1712 | D:2      | Reached XP level 4. HP: 28/41 MP: 5/5
  1745 | D:2      | Killed Jessica
  1746 | D:2      | Reached skill level 1 in Conjurations
  1746 | D:2      | Reached skill level 1 in Hexes
  1746 | D:2      | Reached skill level 1 in Summonings
  1746 | D:2      | Reached skill level 1 in Necromancy
  1746 | D:2      | Reached skill level 1 in Translocations
  1746 | D:2      | Reached skill level 1 in Transmutations
  1746 | D:2      | Reached skill level 1 in Fire Magic
  1746 | D:2      | Reached skill level 1 in Ice Magic
  1746 | D:2      | Reached skill level 1 in Air Magic
  1746 | D:2      | Reached skill level 1 in Earth Magic
  1746 | D:2      | Reached skill level 1 in Poison Magic
  1798 | D:2      | Noticed Natasha
  1817 | D:2      | Killed Natasha
  1818 | D:2      | Reached XP level 5. HP: 43/47 MP: 5/7
  1821 | D:2      | Noticed Natasha
  1834 | D:2      | Killed Natasha
  2130 | D:2      | Learned a level 2 spell: Call Imp
  2694 | D:3      | Gained mutation: You are dopey. (Int -2) [potion of
                  | mutation]
  2694 | D:3      | Lost mutation: You are dopey. (Int -2) [potion of mutation]
  3463 | D:4      | Found Jina's Magic Scroll Shop.
  3486 | D:4      | Reached XP level 6. HP: 53/53 MP: 8/8
  3538 | D:4      | Bought a scroll of identify for 24 gold pieces
  3538 | D:4      | Bought a scroll of identify for 24 gold pieces
  3538 | D:4      | Bought a scroll of identify for 24 gold pieces
  4476 | D:4      | Noticed a nameless horror
  4710 | D:5      | Entered Level 5 of the Dungeon
  4737 | D:5      | Found a glowing drain.
  4803 | Sewer    | Entered a sewer
  4949 | Sewer    | Noticed Purgy
  4973 | Sewer    | Killed Purgy
  4974 | Sewer    | Reached XP level 7. HP: 60/60 MP: 10/10
  5075 | D:5      | Found a shimmering altar of Xom.
  5092 | D:5      | Learned a level 1 spell: Corona
  5256 | D:4      | Bought a scroll of blinking for 90 gold pieces
  5405 | D:6      | Reached skill level 5 in Stealth
  5427 | D:6      | Noticed a steam dragon
  5462 | D:5      | Reached XP level 8. HP: 67/67 MP: 12/12
  5615 | D:5      | Found a hide-covered altar of Uskayaw.
  5624 | D:5      | Identified the +10 great sword of Cowardice {venom, *Noise
                  | Str+8 Int+2 Dex-3}
  6379 | D:5      | Learned a level 2 spell: Ensorcelled Hibernation
  6489 | D:5      | HP: 2/67 [steam dragon/ball of steam (15)]
  6490 | D:5      | Slain by a steam dragon

Illustrated notes

Levels and vault maps discovered:
D:1:      dpeg_arrival_round_a, layout_loops_ring, serial_aquarium,
          aquarium_bridge_long_joined [aquarium_subvault_balcony,
          aquarium_subvault_wall, aquarium_subvault_wall,
          aquarium_subvault_wall, aquarium_subvault_wall,
          aquarium_subvault_bridge], aquarium_window_1, aquarium_window_2,
          aquarium_window_corner, aquarium_window_fake, aquarium_view_2d,
          aquarium_view_2d
D:2:      layout_basic, basic_altar, minmay_misc_feat_encased, uniq_jessica,
          uniq_natasha
D:3:      layout_basic, chequers_mini_garden, supply_closet_lemuel,
          hangedman_feature_mirror, minmay_crystal_water, grunt_ministairs_2
D:4:      layout_loops_ring, serial_shops, shop,
          corexii_item_surrounded_by_moat, minmay_small_thing
D:5:      layout_basic, eat_drink_and_be_merry_uskayaw, lemuel_crystal_altar,
          portal_sewer_entry_f
D:6:      layout_cave_pods, mainiacjoe_overflow_paths,
          minmay_temple_entry_drinking_statues, uniq_prince_ribbit1

Skill      XL: |  1  2  3  4  5  6  7  8 |
---------------+-------------------------+-----
Invocations    | 1 2 3 |  3.4
Short Blades   | 1 2 3 |  3.1
Long Blades    | 1 2 3 |  3.1
Maces & Flails | 1 2 3 |  3.1
Polearms       | 1 2 3 |  3.1
Staves         | 1 2 3 |  3.1
Slings         | 1 2 3 |  3.1
Bows           | 1 2 3 |  3.1
Crossbows      | 1 2 3 |  3.1
Throwing       | 1 2 3 |  3.1
Armour         | 1 2 3 |  3.1
Shields        | 1 2 3 |  3.1
Unarmed Combat | 1 2 3 |  3.1
Spellcasting   | 1 2 3 |  3.1
Evocations     | 1 2 3 |  3.1
Conjurations   | 1 2 |  2.5
Hexes          | 1 2 |  2.5
Summonings     | 1 2 |  2.5
Necromancy     | 1 2 |  2.5
Translocations | 1 2 |  2.5
Transmutations | 1 2 |  2.5
Fire Magic     | 1 2 |  2.5
Ice Magic      | 1 2 |  2.5
Air Magic      | 1 2 |  2.5
Earth Magic    | 1 2 |  2.5
Poison Magic   | 1 2 |  2.5
Fighting       | 7 |  7.3
Axes           | 7 |  7.3
Dodging        | 7 |  7.3
Stealth        | 5 |  5.2

Action                   |  1- 3 |  4- 6 |  7- 9 || total
-------------------------+-------+-------+-------++-------
Melee: Dagger            |   118 |   210 |    87 ||   415
       Hand axe          |     3 |       |       ||     3
       Bite              |     9 |    13 |     8 ||    30
       Punch             |     1 |     2 |     1 ||     4
       Short sword       |     4 |       |       ||     4
       Rapier            |       |       |    13 ||    13
 Fire: Hunting sling     |     2 |    20 |     1 ||    23
Throw: Stone             |     1 |       |       ||     1
 Cast: Call Imp          |       |     9 |    19 ||    28
       Ensorcelled Hiber |       |       |     2 ||     2
       Corona            |       |       |     1 ||     1
  Use: Scroll            |     4 |     5 |     2 ||    11
       Potion            |       |     4 |       ||     4
 Stab: Sleeping          |     6 |     4 |     4 ||    14
       Distracted        |       |       |     1 ||     1
Armor: Robe              |     2 |       |       ||     2
       Ring mail         |    47 |    86 |       ||   133
       Troll leather arm |       |       |    47 ||    47
Dodge: Dodged            |    78 |   117 |    74 ||   269
